 Dungeon Crawl Stone Soup version 0.14-a0-1626-g054e7ae (webtiles) character file.

168 M4edhros the Ducker (level 4, 0/28 HPs)
             Began as an Octopode Artificer on Dec 25, 2013.
             Slain by an orc
             ... wielding a +2,+1 orcish war axe of pain
              (9 damage)
             ... on Level 3 of the Dungeon.
             The game lasted 00:02:03 (1957 turns).

M4edhros the Ducker (Octopode Artificer)            Turns: 1957, Time: 00:02:03

HP   0/28        AC  1     Str 10      XL: 4   Next: 37%
MP   6/6         EV 13     Int 17      God:
Gold 89          SH  0     Dex 12      Spells:  0 memorised,  3 levels left

rFire  . . .     SeeInvis .     a - +0 short sword
rCold  . . .     Clarity  .     (no shield)
rNeg   . . .     Conserve .     (helmet restricted)
rPois  .         rCorr    .     (no amulet)
rElec  .         rRot     .     r - +2 ring of intelligence
SustAb . .       Spirit   .     (no ring)
rMut   .         Warding  .     (no ring)
Saprov . . .     Stasis   .     (no ring)
                                (no ring)
                                (no ring)
                                (no ring)
                                (no ring)

@: slightly resistant to hostile enchantments, stealthy
A: almost no armour, amphibious, 8 rings, constrict 8, camouflage 1, gelatinous
body 1
a: no special abilities


You were on level 3 of the Dungeon.
You were not hungry.

You visited 1 branch of the dungeon, and saw 3 of its levels.

You collected 89 gold pieces.

Inventory:

Hand weapons
 a - a +0,+0 short sword (weapon)
Magical devices
 b - a wand of flame (14)
 c - a wand of enslavement (14)
 d - a wand of random effects (15)
Comestibles
 f - a bread ration
 k - an apple
 o - a lychee
Scrolls
 e - 3 scrolls of magic mapping {unknown}
 h - a scroll of fear {unknown}
 i - a scroll of teleportation {unknown}
 l - 3 scrolls of enchant weapon I {unknown}
 m - a scroll of remove curse {unknown}
 n - 2 scrolls of recharging
Jewellery
 r - a +2 ring of intelligence (left tentacle)
Potions
 g - 2 potions of curing
 j - a potion of speed


   Skills:
 - Level 1.0 Fighting
 - Level 1.0 Short Blades
 + Level 4.4 Dodging
 - Level 1.3 Stealth
 - Level 3.2 Evocations


You had 3 spell levels left.
You didn't know any spells.

Dungeon Overview and Level Annotations

Branches:
Dungeon (3/16)

Altars:


Innate Abilities, Weirdness & Mutations

You cannot wear most types of armour.
You are amphibious.
You can wear up to eight rings at the same time.
You can use your tentacles to constrict many enemies at once.
Your skin changes colour to match your surroundings (Stlth).
Your rubbery body absorbs attacks (AC +1).


Message History

Your goblin unwields an uncursed sling of flame.
Your goblin hits the adder.
The adder dies!
The orc hits you.
You hit the orc.
You kill the orc!
The goblin hits you with a club.
Unknown command.
You see here a sling bullet.
Your goblin barely misses the goblin.
Found 6 javelins.
You barely miss the goblin. You grab the goblin. You squeeze the goblin.
The goblin is heavily wounded.
You constrict the goblin.
You kill the goblin!
Unknown command.
You hit the orc but do no damage. You grab the orc. You constrict the orc.
Your goblin hits the orc.
The orc hits you with a glowing orcish war axe!
You die...

## . ..... #.#.# .....#
#.#.######### .....#
#............. .....#
#.$............ .....#
.#.............. .....#
#.#.............. .....#
#.#(!...g.%....... .....#
#.#..[(.o@........
.....###.#.#.###########(
...........(.#
.............#
.............#
.........%..w#
.............###....
....................
............######..


You could see an orc and a friendly goblin.

Vanquished Creatures
  A worm (D:2)
  9 orcs (D:3)
  3 giant cockroaches
  5 goblins
  3 hobgoblins (D:2)
  2 quokkas
  5 bats
  3 giant geckos
  6 giant newts
  8 jackals
  5 kobolds
  8 rats
58 creatures vanquished.

Vanquished Creatures (collateral kills)
  An adder (D:3)
1 creature vanquished.

Grand Total: 59 creatures vanquished

Notes
Turn   | Place    | Note
--------------------------------------------------------------
     0 | D:1      | M4edhros, the Octopode Artificer, began the quest for the Orb.
     0 | D:1      | Reached XP level 1. HP: 13/13 MP: 1/1
   212 | D:1      | Reached XP level 2. HP: 9/18 MP: 3/3
   770 | D:2      | Reached XP level 3. HP: 21/23 MP: 4/4
  1553 | D:3      | Reached skill level 4 in Dodging
  1695 | D:3      | Reached XP level 4. HP: 19/28 MP: 6/6
  1957 | D:3      | Slain by an orc

Action                   |  1- 3 |  4- 6 || total
-------------------------+-------+-------++-------
Melee: Short sword       |    99 |    26 ||   125
Evoke: Wand              |       |     2 ||     2
  Use: Potion            |     8 |       ||     8
 Stab: Sleeping          |     4 |       ||     4
       Distracted        |     1 |       ||     1
